 Dungeon Crawl Stone Soup version 0.30-a0-475-g03497ec522 (webtiles) character file.

Game seed: 6934600618209415950

3215 kae the Destroyer (level 9, 0/45 HPs)
             Began as a Tengu Fire Elementalist on Dec 20, 2022.
             Was a Follower of Vehumet.
             Slain by an orc warrior
             ... wielding a +0 vorpal hand axe
              (2 damage)
             ... on level 8 of the Dungeon.
             The game lasted 00:10:30 (8487 turns).

kae the Destroyer (Tengu Fire Elementalist)         Turns: 8487, Time: 00:10:31

Health: 0/45       AC:  9    Str:  9    XL:     9   Next: 97%
Magic:  5/18       EV: 14    Int: 19    God:    Vehumet [*.....]
Gold:   270        SH:  5    Dex: 15    Spells: 9/19 levels left

rFire   . . .      SeeInvis .    n - +3 whip (vamp)
rCold   . . .      Faith    .    (no shield)
rNeg    . . .      Spirit   .    a - +1 robe
rPois   .          Reflect  +    (helmet restricted)
rElec   .          Harm     .    x - +1 cloak
rCorr   .          Rampage  .    (no gloves)
Will    +....                    (boots unavailable)
Stlth   ++........               c - amulet of reflection
HPRegen 0.27/turn                p - ring of willpower
MPRegen 0.16/turn                O - +4 ring of protection

@: flying quickly and evasively, quick
A: beak, talons 3, nimble flight
a: Renounce Religion


You were on level 8 of the Dungeon.
You worshipped Vehumet.
Vehumet was aware of your devotion.
You visited 2 branches of the dungeon, and saw 9 of its levels.

You collected 270 gold pieces.


Innate Abilities, Weirdness & Mutations

You have a beak for a mouth.
You have claws for feet.
Your magical nature lets you fly swiftly and evasively.


   Skills:
 - Level 2.1 Dodging
 - Level 2.0 Stealth
 + Level 5.9 Spellcasting
 * Level 11.2 Conjurations
 * Level 10.1 Fire Magic


You had 9 spell levels left.
You knew the following spells:

 Your Spells              Type           Power      Damage    Failure   Level
a - Foxfire               Conj/Fire      100%       2x1d9     1%          1
b - Scorch                Fire           88%        2d9       1%          2
c - Inner Flame           Hex/Fire       24%        N/A       4%          3
d - Flame Wave            Conj/Fire      46%        2d12      1%          4

Your spell library contained the following spells:

 Spells                   Type           Power      Damage    Failure   Level
 Kiss of Death            Conj/Necr      100%       2d13      1%          1
 Hailstorm                Conj/Ice       27%        3d7       3%          3
 Stone Arrow              Conj/Erth      54%        3d10      3%          3
 Kindle Blastsparks       Fire/Tloc/Air  36%        2d13      9%          3
 Freeze                   Ice            20%        1d4       12%         1
 Sandblast                Erth           10%        2d5       12%         1
 Summon Small Mammal      Summ           20%        N/A       12%         1
 Ensorcelled Hibernation  Hex/Ice        10%        N/A       17%         2
 Passwall                 Tmut/Erth      4%         N/A       17%         2
 Call Canine Familiar     Summ           5%         N/A       34%         3
 Frozen Ramparts          Ice            10%        1d2       34%         3
 Gell's Gravitas          Tloc           5%         N/A       34%         3
 Lesser Beckoning         Tloc           10%        N/A       34%         3
 Summon Guardian Golem    Hex/Summ       5%         N/A       34%         3
 Swiftness                Air            5%         N/A       34%         3
 Teleport Other           Tloc           5%         N/A       34%         3
 Ice Form                 Ice/Tmut       5%         N/A       75%         4
 Summon Forest            Summ/Tloc      2%         N/A       97%         5
 Summon Mana Viper        Hex/Summ       5%         N/A       97%         5
 Simulacrum               Ice/Necr       2%         N/A       100%        6
 Summon Cactus Giant      Summ           2%         N/A       100%        6

Inventory:

Hand Weapons
 d - a +0 dagger
   (You took it off a goblin on level 1 of the Dungeon)
 n - a +3 vampiric whip (weapon)
   (You took it off a kobold on level 1 of the Dungeon)
Missiles
 g - 82 stones
 i - 3 throwing nets {=f!f}
 l - 10 poisoned darts
 t - 3 boomerangs
 z - 5 curare-tipped darts {=f}
Armour
 a - a +1 robe (worn)
 x - a +1 cloak (worn)
   (You found it on level 7 of the Dungeon)
Magical Staves
 k - a staff of air {!a}
   (You found it on level 1 of the Dungeon)
 m - a staff of fire {!a}
   (You found it on level 3 of the Dungeon)
Jewellery
 c - an amulet of reflection (around neck)
   (You found it on level 2 of the Dungeon)
 p - a ring of willpower (left hand)
   (You found it on level 2 of the Dungeon)
 C - a ring of ice
   (You found it on level 2 of the Dungeon)
 O - a +4 ring of protection (right hand)
   (You found it on level 4 of the Dungeon)
Wands
 v - a wand of flame (6)
   (You found it on level 6 of the Dungeon)
Scrolls
 e - a scroll of teleportation {@r4}
 j - 4 scrolls of enchant weapon
 y - a scroll of summoning {unknown}
 A - a scroll of identify {@r1}
Potions
 b - a potion of magic
 f - a potion of attraction {!q}
 h - a potion of ambrosia
 o - 4 potions of curing {unknown}
 q - 3 potions of degeneration {!q}
 r - 3 potions of mutation {!q}
 s - a potion of brilliance {unknown}
 u - a potion of haste {@q3}
 w - a potion of heal wounds {unknown}

Dungeon Overview and Level Annotations

Branches:
Dungeon (8/15) Zot: 26981  Temple (1/1) D:4 Zot: 5946
   Lair: D:8-11

Altars:
Cheibriados
Dithmenos
Elyvilon
Fedhas
Gozag
Hepliaklqana
Kikubaaqudgha
Makhleb
Okawaru
Ru
Sif Muna
Trog
Uskayaw
Vehumet
Wu Jian
Xom
Yredelemnul
Zin

Shops:
D:8 [

Annotations:
D:3 1 runed translucent door, Crazy Yiuf, Grinder
D:6 Maggie
D:7 Dowan, Duvessa

#))##..
.......
...... .....
#.).
#.†#######..
#......∩....
#.o@.#
######


You could see an orc warrior.


Message History

😕 HP[-4] MP[+1]
You take 4 damage, and now have 41/45 hp.
Duvessa hits you with a +0 rapier.
There is a stone staircase leading down, spattered with blood here. 😕 HP[-4]
You take 4 damage, and now have 37/45 hp.
Duvessa closely misses you.
You fly downwards.
Found Afesaf's Antique Armour Boutique.
There is a stone staircase leading up here.
Casting: Foxfire (safe; 1% risk of failure)
Confirm with . or Enter, or press ? or * to list all spells.
You can't see any susceptible monsters within range! (Use Z to cast anyway.)
Casting: Foxfire (safe; 1% risk of failure)
Confirm with . or Enter, or press ? or * to list all spells.
You conjure some foxfire! 😕 HP[+1]
Casting: Foxfire (safe; 1% risk of failure)
Confirm with . or Enter, or press ? or * to list all spells.
You conjure some foxfire!
The orc shouts! x2
The foxfire hits the orc!
You kill the orc!
Vehumet accepts your kill.
The foxfire hits the orc.
You kill the orc!
Vehumet accepts your kill.
An orc comes into view. It is wielding a +0 flail. 😕 MP[-1]
You lost 1 mp, and now have 14/18 mp.
Casting: Foxfire (safe; 1% risk of failure)
Confirm with . or Enter, or press ? or * to list all spells.
You conjure some foxfire!
The foxfire hits the orc. x2
You kill the orc!
Vehumet accepts your kill.
A sky beast comes into view.
An orc warrior comes into view. It is wielding a +0 vorpal hand axe.
The foxfire hits the sky beast! 😕 HP[+1] MP[-1]
You lost 1 mp, and now have 13/18 mp.
There are monsters nearby!
Casting: Foxfire (safe; 1% risk of failure)
Confirm with . or Enter, or press ? or * to list all spells.
You conjure some foxfire!
The foxfire hits the sky beast but does no damage.
An orc priest comes into view. It is wielding a +0 dagger.
The foxfire hits the sky beast but does no damage.
The foxfire hits the sky beast. 😕 HP[+1] MP[-1]
You lost 1 mp, and now have 12/18 mp.
Casting: Foxfire (safe; 1% risk of failure)
Confirm with . or Enter, or press ? or * to list all spells.
You conjure some foxfire!
The foxfire hits the sky beast. x2
Casting: Foxfire (safe; 1% risk of failure)
Confirm with . or Enter, or press ? or * to list all spells.
You conjure some foxfire!
The foxfire hits the sky beast.
You kill the sky beast!
Vehumet accepts your kill.
The foxfire hits the orc warrior.
The orc priest invokes the aid of Beogh against you.
Beogh smites you! 😮 HP[-15] MP[-1]
You take 15 damage, and now have 25/45 hp.
MASSIVE DAMAGE!! (PAUSE)
You lost 1 mp, and now have 11/18 mp.
Casting: Foxfire (safe; 1% risk of failure)
Confirm with . or Enter, or press ? or * to list all spells.
Flames lash the orc priest.
You kill the orc priest!
Vehumet accepts your kill.
You feel your power returning.
The orc warrior hits you with a +0 vorpal hand axe!
* * * LOW HITPOINT WARNING * * *
x2 😨 HP[-11] MP[-1]
You take 11 damage, and now have 14/45 hp.
MASSIVE DAMAGE!! (PAUSE)
You lost 1 mp, and now have 10/18 mp.
Okay, then.
Casting: Scorch (safe; 1% risk of failure)
Confirm with . or Enter, or press ? or * to list all spells.
Casting: Flame Wave (dangerous; 1% risk of failure)
Press: ? - help, Dir - look around, f - activate A wave of flame ripples out!
The flame wave engulfs the orc warrior! (Press . to intensify the flame waves.)
The orc warrior completely misses you. 😨 MP[-3]
You lost 3 mp, and now have 7/18 mp.
A wave of flame ripples out!
The flame wave engulfs the orc warrior!
The orc warrior hits you with a +0 vorpal hand axe.
* * * LOW HITPOINT WARNING * * *
x2 😱 HP[-6] MP[-1]
You take 6 damage, and now have 8/45 hp.
You lost 1 mp, and now have 6/18 mp.
A wave of flame ripples out!
The flame wave engulfs the orc warrior.
You finish channelling waves of flame.
The orc warrior hits you with a +0 vorpal hand axe.
* * * LOW HITPOINT WARNING * * *
You die...

Skill      XL: |  1  2  3  4  5  6  7  8  9 |
---------------+----------------------------+-----
Conjurations   | 2 3 4 5 7 9 11 | 11.2
Fire Magic     | 4 5 6 8 10 | 10.1
Spellcasting   | 3 4 5 |  5.9
Dodging        | |  2.1
Stealth        | |  2.0

Action                   |  1- 3 |  4- 6 |  7- 9 || total
-------------------------+-------+-------+-------++-------
Melee: Unarmed           |     9 |       |       ||     9
       Peck              |     4 |     1 |     5 ||    10
       Kick              |     4 |    11 |     3 ||    18
       Dagger            |     3 |       |       ||     3
       Whip              |       |    24 |    12 ||    36
 Cast: Foxfire           |    56 |    89 |   101 ||   246
       Scorch            |     7 |    21 |    61 ||    89
       Inner Flame       |       |       |     9 ||     9
       Flame Wave        |       |       |     4 ||     4
Evoke: Wand              |       |       |     3 ||     3
  Use: Scroll            |     5 |     6 |     3 ||    14
       Potion            |       |     1 |       ||     1
Armor: Robe              |     8 |     4 |    17 ||    29
Dodge: Dodged            |    15 |    18 |    51 ||    84
Block: Other             |       |     8 |    18 ||    26

Levels and vault maps discovered:
D:1:      minmay_arrival_loop, layout_basic, minmay_indecisive_spiral
D:2:      layout_basic, nrook_mini_vaults
D:3:      layout_rooms, chequers_temple_overflow_statue_of_worship,
          hangedman_glass_teeth, uniq_grinder, uniq_crazy_yiuf_cottage
D:4:      layout_basic, nicolae_gozag_cash_rules_everything_around_me,
          minmay_temple_entry_offerings, nicolae_zen_rock_garden
D:5:      layout_basic
D:6:      layout_gridville, uniq_maggie, uniq_pikel
D:7:      layout_rooms, uniq_prince_ribbit1, uniq_duvessa
D:8:      layout_layer_cave, nicolae_overflow_squiral, tso_metal_star,
          serial_shops, shop, worms_lemuel
Temple:   eino_wide_crystal_templ

Notes
Turn   | Place    | Note
-------+----------+-------------------------------------------
     0 | D:1      | kae the Tengu Fire Elementalist began the quest for the
                  | Orb.
     0 | D:1      | Reached XP level 1. HP: 10/10 MP: 4/4
     0 | D:1      | magus.rc [v1.11.3]
   111 | D:1      | Reached skill level 2 in Conjurations
   111 | D:1      | Reached XP level 2. HP: 13/15 MP: 1/6
   398 | D:1      | Reached XP level 3. HP: 19/19 MP: 2/7
   719 | D:1      | Learned a level 2 spell: Scorch
   843 | D:1      | Reached skill level 4 in Fire Magic
   949 | D:1      | Reached skill level 3 in Conjurations
  1255 | D:2      | Reached XP level 4. HP: 24/24 MP: 4/8
  2211 | D:3      | Noticed Grinder
  2525 | D:3      | Found an ornate altar of the Wu Jian Council.
  2525 | D:3      | Found a snail-covered altar of Cheibriados.
  2888 | D:3      | Reached skill level 4 in Conjurations
  2888 | D:3      | Gained mutation: Your magical nature lets you fly swiftly
                  | and evasively. [Tengu growth]
  2888 | D:3      | Reached XP level 5. HP: 28/28 MP: 8/10
  3073 | D:3      | Found a runed translucent door.
  3074 | D:3      | Noticed Crazy Yiuf
  3143 | D:4      | Learned a level 3 spell: Inner Flame
  3179 | D:4      | Reached skill level 5 in Fire Magic
  3221 | D:4      | Noticed a water moccasin
  3228 | D:4      | Killed a water moccasin
  3229 | D:4      | Reached skill level 3 in Spellcasting
  3229 | D:4      | Reached skill level 5 in Conjurations
  3229 | D:4      | Reached XP level 6. HP: 28/32 MP: 5/11
  3301 | D:4      | You pick up a book of Displacement and begin reading...
  3301 | D:4      | You add the spells Lesser Beckoning, Gell's Gravitas and
                  | Teleport Other to your library.
  3338 | D:4      | Found an opulent altar of Gozag.
  3454 | D:4      | Identified the +8 short sword "Emoeq" {flame, rN+ Stlth+}
  3838 | D:4      | Found a staircase to the Ecumenical Temple.
  3847 | Temple   | Entered the Ecumenical Temple
  3898 | Temple   | Became a worshipper of Vehumet
  3916 | D:4      | You pick up a book of the Wilderness and begin reading...
  3916 | D:4      | You add the spells Summon Forest, Summon Mana Viper and
                  | Summon Cactus Giant to your library.
  4086 | D:5      | Entered Level 5 of the Dungeon
  4157 | D:5      | Reached XP level 7. HP: 36/36 MP: 6/13
  4162 | D:5      | Learned a level 4 spell: Flame Wave
  4373 | D:5      | Reached skill level 6 in Conjurations
  4373 | D:5      | Reached skill level 6 in Fire Magic
  4698 | D:5      | You pick up a book of Callings and begin reading...
  4698 | D:5      | You add the spells Summon Small Mammal, Call Canine
                  | Familiar and Summon Guardian Golem to your library.
  4878 | D:5      | Reached skill level 4 in Spellcasting
  4878 | D:5      | Reached skill level 7 in Conjurations
  4878 | D:5      | Reached XP level 8. HP: 30/41 MP: 12/15
  4952 | D:5      | Reached skill level 7 in Fire Magic
  5900 | D:6      | Reached skill level 8 in Conjurations
  5941 | D:6      | Noticed Maggie
  6144 | D:6      | You pick up a book of Geomancy and begin reading...
  6144 | D:6      | You add the spells Sandblast, Passwall and Stone Arrow to
                  | your library.
  6175 | D:6      | You pick up a book of Frost and begin reading...
  6175 | D:6      | You add the spells Freeze, Frozen Ramparts and Hailstorm to
                  | your library.
  6204 | D:6      | Noticed Pikel
  6223 | D:6      | Killed Pikel
  6223 | D:6      | Reached * piety under Vehumet
  6223 | D:6      | Offered knowledge of Kiss of Death by Vehumet.
  6224 | D:6      | Reached skill level 9 in Conjurations
  6224 | D:6      | Reached skill level 8 in Fire Magic
  6224 | D:6      | Reached XP level 9. HP: 45/45 MP: 1/17
  6370 | D:6      | Reached skill level 5 in Spellcasting
  6523 | D:6      | HP: 2/45 [Maggie/bolt of fire (16)]
  7035 | D:7      | Noticed a hornet
  7042 | D:7      | Noticed Prince Ribbit
  7565 | D:7      | HP: 8/45 [spore (37)]
  7566 | D:7      | Reached skill level 10 in Conjurations
  7566 | D:7      | Reached skill level 9 in Fire Magic
  7721 | D:7      | Killed a hornet
  7723 | D:7      | HP: 7/45 [centaur/arrow (8)]
  7973 | D:7      | Killed Prince Ribbit
  8001 | D:7      | You pick up a book of the Tundra and begin reading...
  8001 | D:7      | You add the spells Ice Form and Simulacrum to your library.
  8027 | D:7      | You pick up a book of Burglary and begin reading...
  8027 | D:7      | You add the spells Ensorcelled Hibernation and Swiftness to
                  | your library.
  8049 | D:7      | Noticed Duvessa
  8049 | D:7      | Noticed Dowan
  8137 | D:7      | Reached skill level 11 in Conjurations
  8465 | D:7      | Reached skill level 10 in Fire Magic
  8469 | D:8      | Found Afesaf's Antique Armour Boutique.
  8486 | D:8      | HP: 10/45 [orc warrior/+0 vorpal hand axe (5)]
  8487 | D:8      | HP: 2/45 [orc warrior/+0 vorpal hand axe (6)]
  8487 | D:8      | Slain by an orc warrior

Vanquished Creatures
  Pikel (D:6)
  Prince Ribbit (D:7)
  A hornet (D:7)
  4 water moccasins
  2 sky beasts
  An orc warrior (D:7)
  5 ogres
  A centaur (D:7)
  A phantom (D:6)
  3 lemures
  2 necrophages
  4 scorpions
  4 hounds
  2 jellies
  A gnoll bouda (D:6)
  2 orc priests
  5 iguanas
  An orc wizard (D:5)
  11 gnolls
  8 adders
  4 white imps
  An ufetubus (D:2)
  4 worms
  21 orcs
  7 endoplasms
  3 giant cockroaches
  7 goblins
  10 hobgoblins
  6 kobolds
  4 quokkas
  6 ball pythons
  7 bats
  6 frilled lizards
  4 rats
150 creatures vanquished.

Vanquished Creatures (others)
  419 foxfires
419 creatures vanquished.

Grand Total: 569 creatures vanquished

Table legend:
 A = Non-vault XP
 B = Vault XP
 C = Vault XP percentage of total XP
 D = Non-vault monster count
 E = Vault monster count
 F = Vault count percentage of total count
                 A         B        C        D         E       F
            +---------+---------+-------+---------+---------+-------
      Total |    3670 |     924 |  20.1 |     141 |       6 |   4.1
            +---------+---------+-------+---------+---------+-------
        D:1 |      53 |       6 |  10.2 |      23 |       4 |  14.8
        D:2 |      81 |       0 |   0.0 |      21 |       0 |   0.0
        D:3 |      52 |       0 |   0.0 |      17 |       0 |   0.0
        D:4 |     380 |       0 |   0.0 |      22 |       0 |   0.0
        D:5 |     793 |       0 |   0.0 |      17 |       0 |   0.0
        D:6 |     684 |     641 |  48.4 |      15 |       1 |   6.2
        D:7 |    1453 |     277 |  16.0 |      21 |       1 |   4.5
        D:8 |     174 |       0 |   0.0 |       5 |       0 |   0.0
            +---------+---------+-------+---------+---------+-------

Illustrated notes

Table legend:
 A = Kills in this place as a percentage of kills in entire the game.
 B = Kills by you in this place as a percentage of kills by you in the entire game.
 C = Kills by friends in this place as a percentage of kills by friends in the entire game.
 D = Other kills in this place as a percentage of other kills in the entire game.
 E = Experience gained in this place as a percentage of experience gained in the entire game.
 F = Experience gained in this place divided by the number of levels of this place that you have seen.
                   A       B       C       D       E      F
               +-------+-------+-------+-------+-------+----------------------
         Total | 100.0 | 100.0 |   N/A |   N/A | 100.0 | 510.4
       Dungeon | 100.0 | 100.0 |   N/A |   N/A | 100.0 | 574.2
               +-------+-------+-------+-------+-------+----------------------

Table legend: (Time is in decaauts)
 A = Elapsed time spent in this place.
 B = Non-inter-level travel time spent in this place.
 C = Inter-level travel time spent in this place.
 D = Time resting spent in this place.
 E = Time spent auto-exploring this place.
 F = Levels seen in this place.
 G = Mean time per level.
                   A        B        C        D        E       F      G
               +--------+--------+--------+--------+--------+-----+--------+
         Total |   8194 |   7647 |    547 |   1068 |   5109 |   9 |  910.4 |
       Dungeon |   8141 |   7601 |    540 |   1068 |   5078 |   8 | 1017.6 |
        Temple |     53 |     47 |      6 |      0 |     30 |   1 |   53.0 |
               +--------+--------+--------+--------+--------+-----+--------+

Top non-repeatable levels by time:
     D:6: 1683 daAuts
     D:5: 1384 daAuts
     D:2: 1372 daAuts
     D:1: 1007 daAuts
     D:7: 1001 daAuts
     D:4: 941 daAuts
     D:3: 734 daAuts
  Temple: 53 daAuts
     D:8: 17 daAuts
